 Dungeon Crawl Stone Soup version 0.31-a0-986-g5e6e4ef867 (webtiles) character file.

Game seed: 11517444235941123258

53 sammy202020 the Changeling (level 3, 0/27 HPs)
             Began as a Demonspawn Shapeshifter on Nov 22, 2023.
             Succumbed to an adder's poison
             ... on level 3 of the Dungeon.
             The game lasted 00:02:26 (1830 turns).

sammy202020 the Changeling (DsSh)                   Turns: 1830, Time: 00:02:26

Health: 0/27       AC:  3    Str: 16    XL:     3   Next: 64%
Magic:  3/3        EV: 12    Int: 11    God:
Gold:   78         SH:  0    Dex: 12    Spells: 2/2 levels left

rFire   . .          .
                       - Unarmed
rCold   . . .        (no shield)
rNeg    . . .        a - +1 animal skin
rPois   .            (helmet currently unavailable)
rElec   .            (cloak currently unavailable)
rCorr   .            (gloves currently unavailable)
SInv    .            (boots currently unavailable)
Will    .....        (no amulet)
Stlth   +            (no ring)
HPRegen 0.24/turn    (no ring)
MPRegen 0.08/turn

%: no passive effects
@: lethally poisoned (0 -> -3), beast-form
A: beast (slay +1), powered by death 1
a: Begin Untransformation


You were on level 3 of the Dungeon.
You were a hulking beast.
You visited 1 branch of the dungeon, and saw 3 of its levels.

You collected 78 gold pieces.

Inventory:

Armour
 a - a +1 animal skin (worn)
 k - a +0 pair of boots
Talismans
 c - a beast talisman
 d - a flux talisman
Potions
 b - 2 potions of lignification
 f - a potion of heal wounds {unknown}
 g - a potion of attraction {unknown}
 i - a potion of invisibility {unknown}
 j - 2 potions of enlightenment {unknown}


   Skills:
 * Level 1.9 Fighting
 + Level 1.0 Armour
 + Level 2.1 Dodging
 * Level 3.0 Unarmed Combat
 * Level 3.1 Shapeshifting


You had 2 spell levels left.
You didn't know any spells.
Your spell library was empty.

Dungeon Overview and Level Annotations

Branches:
Dungeon (3/15)

Altars:


Innate Abilities, Weirdness & Mutations

You are a hulking beast.
Your limbs bulge with bestial killing power. (Slay +1)
You regenerate a little health from kills.


Message History

You barely miss the adder.
The adder is severely wounded.
The adder barely misses you. The bat hits you. The adder closely misses you.
The goblin closely misses you.
You are too injured to fight recklessly!
You are too injured to fight recklessly!
You are too injured to fight recklessly!
You are too injured to fight recklessly!
You are too injured to fight recklessly!
You are too injured to fight recklessly!
You are too injured to fight recklessly!
You are too injured to fight recklessly!
You are too injured to fight recklessly!
You are too injured to fight recklessly!
You are too injured to fight recklessly!
You are too injured to fight recklessly!
You are too injured to fight recklessly!
You are too injured to fight recklessly!
You are too injured to fight recklessly!
You are too injured to fight recklessly!
You are too injured to fight recklessly!
You are too injured to fight recklessly!
You are too injured to fight recklessly!
You are too injured to fight recklessly!
The bat barely misses you. The goblin attacks as it pursues you!
The goblin hits you with a +0 dagger. The goblin hits you with a +0 dagger.
* * * LOW HITPOINT WARNING * * *
The bat barely misses you. The adder bites you.
* * * LOW HITPOINT WARNING * * *
You are lethally poisoned!
The adder poisons you!
* * * LOW HITPOINT WARNING * * *
You feel sick. The adder attacks as it pursues you! The adder bites you.
* * * LOW HITPOINT WARNING * * *
The goblin unwields a +0 dagger.
The goblin wields a +0 sling.
The goblin shoots a sling bullet.
The sling bullet hits you.
* * * LOW HITPOINT WARNING * * *
It was a potion of magic.
Magic courses through your body.
You die...

..............
........##.... .#
...........##.# .#
....)....### .# .#
.........# .# .#
.........# ##.# .#
.........###..# .# #
......#....#.####.##.#..
......#..#......h.......
.......#.......S..##....
..........##............
.....###.####..gb..#...
..... #.. #...!.......
... ........†........ ..
..................
..................
................


You could see an adder, a goblin and a bat.

Vanquished Creatures
  An adder (D:2)
  A worm (D:2)
  A dart slug (D:3)
  An orc (D:3)
  3 bats
  3 endoplasms
  A goblin (D:2)
  5 hobgoblins
  7 kobolds
  3 quokkas
  3 ball pythons
  A frilled lizard (D:1)
  4 rats
34 creatures vanquished.

Notes
Turn   | Place    | Note
-------+----------+-------------------------------------------
     0 | D:1      | sammy202020 the Demonspawn Shapeshifter began the quest for
                  | the Orb.
     0 | D:1      | Reached XP level 1. HP: 15/15 MP: 1/1
   490 | D:1      | Gained mutation: You regenerate a little health from kills.
                  | [demonic ancestry]
   490 | D:1      | Reached XP level 2. HP: 21/21 MP: 2/2
   915 | D:2      | Found a faded altar of an unknown god.
   972 | D:2      | Reached XP level 3. HP: 25/27 MP: 3/3
  1818 | D:3      | Reached skill level 1 in Armour
  1829 | D:3      | HP: 1/27 [goblin/sling bullet (1)]
  1830 | D:3      | Succumbed to an adder's poison

Illustrated notes

Levels and vault maps discovered:
D:1:      eino_arrival_water_cross, layout_basic
D:2:      layout_loops_ring, ebering_ecumenical_altar_box
D:3:      layout_rooms, old_standard_altar, st_stairs_13,
          hangedman_decor_points, grunt_decor_one_mirror, grunt_decor_fettered,
          minmay_misc_feat_encased

Skill      XL: |  1  2  3 |
---------------+----------+-----
Unarmed Combat | 3 |  3.0
Dodging        | 2 |  2.1
Shapeshifting  | 3 |  3.1
Armour         | 1 |  1.0
Fighting       | |  1.9

Action                     || total
---------------------------++-------
  Melee: Unarmed           ||   115
         Punch             ||     1
    Use: Scroll            ||     4
         Potion            ||     1
 Armour: Animal skin       ||    72
  Dodge: Dodged            ||    82

Table legend: (Time is in decaauts)
 A = Elapsed time spent in this place.
 B = Non-inter-level travel time spent in this place.
 C = Inter-level travel time spent in this place.
 D = Time resting spent in this place.
 E = Time spent auto-exploring this place.
 F = Levels seen in this place.
 G = Mean time per level.
                   A        B        C        D        E       F      G
               +--------+--------+--------+--------+--------+-----+--------+
         Total |   1824 |   1822 |      2 |    300 |   1221 |   3 |  608.0 |
       Dungeon |   1824 |   1822 |      2 |    300 |   1221 |   3 |  608.0 |
               +--------+--------+--------+--------+--------+-----+--------+

Top non-repeatable levels by time:
     D:2: 967 daAuts
     D:1: 794 daAuts
     D:3: 62 daAuts
